 Dungeon Crawl Stone Soup version 0.29-a0-993-g4a18f31a58 (webtiles) character file.

Game seed: 8595520968202489069

7996 RevDB the Thaumaturge (level 11, -3/89 HPs)
             Began as a Purple Draconian Conjurer on Aug 2, 2022.
             Was a Believer of Sif Muna.
             Slain by a yak (13 damage)
             ... on level 10 of the Dungeon.
             The game lasted 01:28:15 (9207 turns).

RevDB the Thaumaturge (Purple Draconian Conjurer)   Turns: 9207, Time: 01:28:17

Health: -3/89      AC: 11    Str: 10    XL:     11   Next: 4%
Magic:  2/25       EV: 16    Int: 23    God:    Sif Muna [**....]
Gold:   590        SH:  0    Dex:  9    Spells: 13/30 levels left

rFire   . . .      SeeInvis .   F - +0 lajatang
rCold   . . .      Faith    +   (shield currently unavailable)
rNeg    . . .      Spirit   .   (body armour unavailable)
rPois   .          Reflect  .   (helmet restricted)
rElec   .          Harm     .   c - +0 cloak
rCorr   .          Rampage  .   w - +1 pair of gloves
Will    +....                   N - +0 pair of boots
Stlth   ++........              P - amulet of faith
HPRegen 0.24/turn               A - +4 ring of evasion
MPRegen 0.19/turn               G - ring of flight

@: flying
A: breathe power, AC +7, unfitting armour, cold-blooded
a: Breathe Dispelling Energy, Renounce Religion, Channel Magic


You were on level 10 of the Dungeon.
You worshipped Sif Muna.
Sif Muna was pleased with you.
You visited 2 branches of the dungeon, and saw 11 of its levels.
You also visited: Sewer and Bailey.

You collected 590 gold pieces.

Inventory:

Hand Weapons
 m - a +0 quarterstaff
 F - a +0 lajatang (weapon)
Armour
 c - a +0 cloak (worn)
 w - a +1 pair of gloves (worn)
 N - a +0 pair of boots (worn)
Magical Staves
 D - a staff of air
 L - a staff of death
Jewellery
 k - an amulet of the acrobat
 A - a +4 ring of evasion (left hand)
 E - an amulet of regeneration
 G - a ring of flight (right hand)
 P - an amulet of faith (around neck)
Wands
 y - a wand of charming (1)
 K - a wand of iceblast (10)
 M - a wand of mindburst (6)
 O - a wand of flame (6)
Scrolls
 b - 4 scrolls of blinking {unknown}
 i - a scroll of summoning {unknown}
 l - 2 scrolls of amnesia
 n - 3 scrolls of fear
 q - 8 scrolls of teleportation
 r - 3 scrolls of enchant armour
 s - 2 scrolls of immolation
 v - a scroll of poison
 x - 4 scrolls of noise {unknown}
 z - 3 scrolls of magic mapping {unknown}
 B - 4 scrolls of fog
 H - 3 scrolls of vulnerability {unknown}
 I - 2 scrolls of identify
 Q - a scroll of brand weapon {unknown}
Potions
 a - a potion of magic
 d - 3 potions of might
 e - a potion of ambrosia {unknown}
 f - a potion of berserk rage {unknown}
 g - 8 potions of curing
 h - 3 potions of attraction
 j - 3 potions of cancellation {unknown}
 o - 2 potions of mutation {unknown}
 p - 7 potions of flight
 t - 5 potions of heal wounds
 u - a potion of lignification {unknown}
 C - 3 potions of haste {unknown}
 J - a potion of brilliance {unknown}


   Skills:
 - Level 6.0 Fighting
 - Level 4.0 Staves
 - Level 2.0 Dodging
 - Level 1.7 Stealth
 - Level 10.0 Spellcasting
 - Level 8.0 Conjurations
 - Level 9.0 Hexes
 - Level 6.0 Translocations
 + Level 3.9 Invocations


You had 13 spell levels left.
You knew the following spells:

 Your Spells              Type           Power      Damage    Failure   Level
a - Magic Dart            Conj           100%       1d8       1%          1
b - Searing Ray           Conj           96%        2d7       1%          2
c - Iskenderun's Mystic   Conj/Tloc      43%        2d10      3%          4
d - Fulminant Prism       Conj/Hex       25%        3d14      1%          4
e - Confusing Touch       Hex            52%        N/A       1%          3
f - Tukima's Dance        Hex            52%        N/A       1%          3

Your spell library contained the following spells:

 Spells                   Type           Power      Damage    Failure   Level
 Apportation              Tloc           78%        N/A       1%          1
 Slow                     Hex            100%       N/A       1%          1
 Dazzling Flash           Conj/Hex       100%       N/A       1%          3
 Portal Projectile        Hex/Tloc       92%        N/A       1%          3
 Necrotise                Necr           44%        1d6       5%          1
 Summon Small Mammal      Summ           44%        N/A       5%          1
 Sublimation of Blood     Necr           11%        N/A       9%          2
 Wereblood                Tmut           11%        N/A       9%          2
 Vampiric Draining        Necr           11%        2d6       17%         3
 Blade Hands              Tmut           5%         N/A       83%         5
 Summon Hydra             Summ           5%         N/A       100%        7


Dungeon Overview and Level Annotations

Branches:
Dungeon (10/15)            Temple (1/1) D:7             Orc (0/2) D:10
  Sewer (visited)          Bailey (visited)
   Lair: D:8-11

Altars:
Ashenzari
Dithmenos
Elyvilon
Fedhas
Gozag
Hepliaklqana
Kikubaaqudgha
Makhleb
Nemelex Xobeh
Okawaru
Qazlal
Sif Muna
Trog
Uskayaw
Vehumet
Wu Jian
Xom
Yredelemnul
Zin
The Shining One


Innate Abilities, Weirdness & Mutations

You can breathe bolts of dispelling energy.
Your rich purple scales are hard. (AC +7)
You cannot fit into any form of body armour.
You are cold-blooded and may be slowed by cold attacks.


Message History

The yak is heavily wounded.
The yak is knocked back by the mystic blast.
The yak slams into the rock wall!
The yak is heavily wounded.
The mystic blast hits the yak.
The yak is severely wounded.
The yak gores you!
Casting: Iskenderun's Mystic Blast (dangerous; 3% risk of failure)
Confirm with . or Enter, or press ? or * to list all spells.
You don't have enough magic to cast this spell.
You hit the yak.
Your tail-slap misses the yak.
The yak is almost dead.
The yak gores you! The yak gores you.
You closely miss the yak.
The yak is almost dead.
The yak gores you but does no damage. The yak completely misses you.
You hit the yak but do no damage.
The yak is almost dead.
The yak gores you but does no damage. The yak completely misses you.
The yak barely misses you.
You slash the yak!
You kill the yak!
Sif Muna accepts your kill. The yak barely misses you. The yak misses you.
The yak barely misses you. The yak gores you.
* * * LOW HITPOINT WARNING * * *
You slash the yak! You tail-slap the yak.
The yak is severely wounded.
The yak closely misses you. The yak gores you!
* * * LOW HITPOINT WARNING * * *
You hit the yak but do no damage.
Your tail-slap misses the yak.
The yak is severely wounded.
The yak closely misses you. The yak barely misses you.
You hit the yak but do no damage.
You tail-slap the yak, but do no damage.
The yak is severely wounded.
The yak gores you.
* * * LOW HITPOINT WARNING * * *
The yak gores you!
You die...

###...... #........
##.#...... #...#.. +#
#.†.#.####.#
##.#.#.#....#
#..#.#......#
####.##...Y†...######
#.........Y@.........
######.......#.......
#...............
#.....#..>......
####+#.......... ....
#............ .....
###.........### #....
#...........######....
##....#.....<.....#....


You could see 2 yaks.

Vanquished Creatures
  2 vault guards (Bailey)
  An ugly thing (D:10)
  A gargoyle (D:10)
  A troll (D:9)
  A hornet (D:8)
  Prince Ribbit (Bailey)
  A wyvern (D:8)
  6 yaks
  5 humans (Bailey)
  A basilisk (D:10)
  Duvessa (D:7)
  A water moccasin (D:7)
  2 sky beasts (D:7)
  A black bear (D:7)
  An orc warrior (D:9)
  An ice beast (D:6)
  2 ogres
  2 centaurs
  2 phantoms
  3 kobold brigands
  8 bullfrogs
  2 scorpions
  3 necrophages
  A wight (D:7)
  Dowan (D:7)
  3 killer bees (D:7)
  3 howler monkeys (D:9)
  A lava snake (D:8)
  2 jellies (D:6)
  6 orc priests
  5 hounds
  A gnoll bouda (D:9)
  3 iguanas
  11 orc wizards
  6 adders
  8 gnolls
  3 river rats (Sewer)
  2 shadow imps (D:7)
  4 white imps
  3 ufetubi
  2 worms
  2 dart slugs
  29 orcs
  An endoplasm (D:1)
  3 giant cockroaches
  11 goblins
  9 hobgoblins
  9 jackals
  11 kobolds
  6 quokkas
  6 ball pythons
  2 bats
  7 frilled lizards
  10 rats
220 creatures vanquished.

Vanquished Creatures (others)
  A dancing weapon (D:10)
  53 fulminant prisms
54 creatures vanquished.

Grand Total: 274 creatures vanquished

Notes
Turn   | Place    | Note
-------+----------+-------------------------------------------
     0 | D:1      | RevDB the Draconian Conjurer began the quest for the Orb.
     0 | D:1      | Reached XP level 1. HP: 14/14 MP: 3/3
   135 | D:1      | Reached skill level 1 in Fighting
   313 | D:1      | Reached XP level 2. HP: 24/24 MP: 0/5
   457 | D:2      | Found a sparkling altar of Nemelex Xobeh.
   797 | D:2      | Reached XP level 3. HP: 21/31 MP: 0/6
   800 | D:2      | Learned a level 2 spell: Searing Ray
   897 | D:2      | Found a faded altar of an unknown god.
  1547 | D:3      | Reached XP level 4. HP: 40/40 MP: 7/7
  1944 | D:4      | Found a glowing drain.
  1957 | D:4      | Reached skill level 1 in Staves
  2109 | Sewer    | Entered a sewer
  2115 | Sewer    | Reached XP level 5. HP: 33/46 MP: 0/8
  2212 | Sewer    | Reached skill level 5 in Conjurations
  2238 | Sewer    | Reached skill level 3 in Spellcasting
  2270 | Sewer    | Reached XP level 6. HP: 25/52 MP: 1/10
  2471 | Sewer    | Found a white marble altar of Elyvilon.
  2481 | Sewer    | Became a worshipper of Elyvilon the Healer
  2700 | D:4      | Found a blossoming altar of Fedhas.
  2856 | D:4      | Learned a level 4 spell: Iskenderun's Mystic Blast
  3160 | D:4      | Reached skill level 1 in Translocations
  3298 | D:5      | Entered Level 5 of the Dungeon
  3298 | D:5      | Reached * piety under Elyvilon
  3599 | D:5      | Your scales start taking on a rich purple colour.
  3599 | D:5      | Reached XP level 7. HP: 59/59 MP: 10/12
  3617 | D:5      | Reached skill level 4 in Spellcasting
  3617 | D:5      | Reached skill level 1 in Hexes
  3625 | D:5      | Learned a level 4 spell: Fulminant Prism
  3682 | D:5      | Found a radiant altar of Vehumet.
  3961 | D:5      | You fall into a shaft and drop 1 floor!
  3970 | D:6      | Found a burning altar of Makhleb.
  3975 | D:6      | Reached ** piety under Elyvilon
  4055 | D:6      | Reached skill level 5 in Hexes
  4055 | D:6      | Reached XP level 8. HP: 44/66 MP: 6/14
  4243 | D:6      | Reached skill level 5 in Spellcasting
  4859 | D:7      | Reached *** piety under Elyvilon
  4904 | D:7      | Reached skill level 5 in Fighting
  5060 | D:7      | Reached skill level 6 in Spellcasting
  5127 | D:7      | Reached skill level 7 in Spellcasting
  5127 | D:7      | Reached XP level 9. HP: 35/74 MP: 1/19
  5227 | D:7      | Learned a level 3 spell: Confusing Touch
  5327 | D:7      | Noticed Dowan
  5328 | D:7      | Noticed Duvessa
  5349 | D:7      | Killed Dowan
  5375 | D:7      | HP: 1/74 [Duvessa/+0 short sword of holy wrath (10)]
  5376 | D:7      | Elyvilon protects you from harm!
  5384 | D:7      | Killed Duvessa
  5896 | D:7      | Found a staircase to the Ecumenical Temple.
  5907 | Temple   | Entered the Ecumenical Temple
  6140 | Temple   | Fell from the grace of Elyvilon
  6140 | Temple   | Became a worshipper of Sif Muna the Loreminder
  6293 | D:8      | Paralysed by a hornet for 3 turns
  6629 | D:8      | Reached skill level 8 in Spellcasting
  6768 | D:8      | Learned a level 3 spell: Tukima's Dance
  7435 | D:9      | Reached * piety under Sif Muna
  7436 | D:9      | Reached skill level 9 in Spellcasting
  7534 | D:9      | Found a shadowy altar of Dithmenos.
  7567 | D:9      | Found a glowing silver altar of Zin.
  7588 | D:9      | Found a white marble altar of Elyvilon.
  7710 | D:9      | Noticed a troll
  7721 | D:9      | Killed a troll
  7722 | D:9      | Reached XP level 10. HP: 72/81 MP: 3/23
  7992 | D:9      | Reached skill level 5 in Translocations
  8189 | D:10     | Entered Level 10 of the Dungeon
  8327 | D:10     | Found a flagged portal.
  8336 | D:10     | Noticed a gargoyle
  8340 | Bailey   | Entered a bailey
  8376 | Bailey   | Reached skill level 10 in Spellcasting
  8540 | Bailey   | Reached ** piety under Sif Muna
  8542 | Bailey   | Noticed a vault guard
  8585 | Bailey   | Killed a vault guard
  8750 | Bailey   | Noticed Prince Ribbit
  8774 | Bailey   | Killed Prince Ribbit
  8859 | Bailey   | Noticed a vault guard
  8873 | Bailey   | Killed a vault guard
  9057 | D:10     | Killed a gargoyle
  9058 | D:10     | Reached skill level 1 in Invocations
  9143 | D:10     | Found a staircase to the Orcish Mines.
  9161 | D:10     | Noticed a cyan ugly thing
  9179 | D:10     | Killed a cyan ugly thing
  9192 | D:10     | Reached XP level 11. HP: 73/89 MP: 2/25
  9207 | D:10     | Slain by a yak

Illustrated notes

Levels and vault maps discovered:
D:1:      ncdulo_halloftheorcs, layout_rooms
D:2:      layout_rooms, basic_altar,
          dreamdust_ecumenical_altar_hidden_monk_grotto, grunt_ministairs_2
D:3:      layout_loops_corners
D:4:      layout_loops_ring, mainiacjoe_overflow_catwalk,
          cheibrodos_sewer_entry_sluice, minivault_24,
          kennysheep_generic_room_15
D:5:      layout_gridville, old_standard_altar, kennysheep_small_spiral,
          minmay_checkerbox
D:6:      layout_rooms, mainiacjoe_overflow_brackets, hex_medium
D:7:      layout_basic, minmay_temple_entry_overgrown, minmay_crossroads,
          uniq_duvessa
D:8:      layout_basic, chequers_serial_rivers_micro_c, kennysheep_minor_cross
D:9:      layout_rooms, mainiacjoe_overflow_24_doors,
          mainiacjoe_overflow_catch_the_wave, hangedman_decor_diamond_cutter
D:10:     layout_basic, nicolae_ru_great_annihilating_truth,
          mainiacjoe_overflow_small_starburst, erik_lair_dragon, orc_0_dummy,
          enter_bailey_4, minmay_misc_feat_more_columns,
          hangedman_abyss_or_decor_lesser_grid, st_stairs_13
Temple:   dpeg_chambers_temple

Skill      XL: |  1  2  3  4  5  6  7  8  9 10 |
---------------+-------------------------------+-----
Fighting       | 1 3 4 5 6 |  6.0
Staves         | 1 2 3 4 |  4.0
Conjurations   | 5 7 8 |  8.0
Spellcasting   | 3 4 7 9 10 | 10.0
Dodging        | 2 |  2.0
Translocations | 3 4 6 |  6.0
Hexes          | 5 6 8 9 |  9.0
Invocations    | 3 |  3.9
Stealth        | |  1.7

Action                   |  1- 3 |  4- 6 |  7- 9 | 10-12 || total
-------------------------+-------+-------+-------+-------++-------
Melee: Short sword       |    79 |       |       |       ||    79
       Tailslap          |     3 |     7 |    28 |    11 ||    49
       Quarterstaff      |    33 |    75 |    66 |       ||   174
       Lajatang          |       |       |   131 |    86 ||   217
       Unarmed           |       |       |     4 |       ||     4
 Cast: Magic Dart        |    48 |    62 |    34 |    11 ||   155
       Searing Ray       |       |     5 |    12 |     2 ||    19
       Iskenderun's Myst |       |       |    10 |    12 ||    22
       Fulminant Prism   |       |       |    20 |    33 ||    53
       Confusing Touch   |       |       |     5 |     1 ||     6
       Tukima's Dance    |       |       |       |     1 ||     1
Invok: Channel Magic     |       |       |       |     1 ||     1
  Use: Scroll            |       |     7 |     3 |       ||    10
 Stab: Sleeping          |     1 |       |     1 |       ||     2
Armor: Skin              |    50 |    23 |    55 |    38 ||   166
Dodge: Dodged            |    82 |    54 |   197 |    74 ||   407

Table legend: (Time is in decaauts)
 A = Elapsed time spent in this place.
 B = Non-inter-level travel time spent in this place.
 C = Inter-level travel time spent in this place.
 D = Time resting spent in this place.
 E = Time spent auto-exploring this place.
 F = Levels seen in this place.
 G = Mean time per level.
                   A        B        C        D        E       F      G
               +--------+--------+--------+--------+--------+-----+--------+
         Total |   9379 |   9227 |    152 |   1919 |   2523 |  13 |  721.5 |
       Dungeon |   7785 |   7633 |    152 |   1236 |   2354 |  10 |  778.5 |
        Temple |    248 |    248 |      0 |      0 |    169 |   1 |  248.0 |
         Sewer |    627 |    627 |      0 |    225 |      0 |   1 |  627.0 |
        Bailey |    717 |    717 |      0 |    458 |      0 |   1 |  717.0 |
               +--------+--------+--------+--------+--------+-----+--------+

Top non-repeatable levels by time:
     D:8: 1170 daAuts
     D:7: 1142 daAuts
     D:5: 957 daAuts
     D:3: 868 daAuts
     D:4: 835 daAuts
     D:9: 793 daAuts
  Bailey: 717 daAuts
   Sewer: 627 daAuts
     D:2: 626 daAuts
     D:6: 623 daAuts
     D:1: 456 daAuts
    D:10: 312 daAuts
  Temple: 248 daAuts
